 BcadrenCrawl: Boulder Brew version 0.04.2-10-g17648f679b (webtiles) character file.

Game seed: 641742551110128695, levelgen mode: deterministic

1221 gruber the Skirmisher (level 8, -2/70 HPs) Centaur Hunter. Began on May 2, 2021. Slain by an ogre ... wielding a +0 giant club (29 damage) ... on level 2 of the Dungeon. The game lasted 00:07:50 (3510 turns).

gruber the Skirmisher (Centaur Hunter)              Turns: 3510, Time: 00:07:51

Health: -2/70      AC: 10    Str: 20    XL:     8 ^: 1053
Magic:  8/8        EV:  8    Int: 11    God:
Gold:   158        SH:  0    Dex:  9    Spells: 7/7 levels left

rFire    + . .     Vision   .   a - +1 shortbow
rCold    . . .     Gourm    .   (also wielding the above weapon)
rNeg     . . .     Faith    .   c - +0 leather armour
rPois    .         Spirit   .   (no helmet)
rElec    .         Reflect  .   (no cloak)
rCorr    .         Harm     .   (no gloves)
MR       .....                  f - +0 centaur barding {rF+}
Stlth    +.........             (no amulet)
HPRegen  0.33/turn              (no ring)
MPRegen  0.18/turn              (no ring)

@: very slow
A: large, hooves 3, deformed body, speed 2, tough skin 3
a: no special abilities


You were on level 2 of the Dungeon.
You were not hungry.

You visited 1 branch of the dungeon, and saw 3 of its levels.

You collected 158 gold pieces.

Inventory:

Weapons
 a - a +1 shortbow (weapon)
 b - a +0 short sword
Armour
 c - a +0 leather armour (worn)
 f - a +0 centaur barding of fire resistance (worn)
Jewellery
 j - a cursed ring of strength {(Curse: MR-)}
Wands
 l - a wand of disintegration (15)
Scrolls
 e - 2 scrolls of enchantment
 g - a scroll of blinking
 h - a scroll of amnesia
 i - a scroll of teleportation
 k - a scroll of bless item
Potions
 m - 3 potions of heal wounds
 n - a potion of curing
Comestibles
 d - 9 rations
 o - a chunk of flesh


   Skills:
 - Level 6.0 Fighting
 - Level 5.3 Bows
 - Level 5.0 Armour
 * Level 2.7 Dodging
 - Level 0.4 Stealth


You had 7 spell levels left.
You didn't know any spells.
Your spell library was empty.

Dungeon Overview and Level Annotations

Branches:
Dungeon (3/8)

Altars:
Elyvilon


Innate Abilities, Weirdness & Mutations

You have hooves in place of feet.
Armour fits poorly on your strangely shaped body.
You cover ground very quickly.
You have extremely tough skin. (AC +3)


Message History

You destroy the hound skeleton!
Unknown command.
Aiming:
a - a +1 shortbow, Range: 2 (50%)
Press: ? - help, Shift-Dir - straight line, f - ogre
Aim: an ogre, wielding a +0 giant club (heavily wounded (14/29))
You shoot an arrow. The arrow punctures the ogre (6).
The ogre is severely wounded. (8/29) HP The white imp gestures at you.
The puff of frost hits you (3).
Unknown command.
Unknown command.
The ogre hits you with a +0 giant club (18)!!
You climb upwards.
There is a stone staircase leading down here.
You enter the shallow water.
Moving in this stuff is going to be slow.
You enter the shallow water.
Moving in this stuff is going to be slow.
The ogre hits you with a +0 giant club (29)!!
You die...

#≈# #≈≈≈≈≈P###≈.## ##...≈≈≈≈..#
#####b≈≈≈≈≈.###..#######.........
≈≈≈≈b≈≈≈≈≈≈≈.....≈b≈.≈....≈≈.≈...
≈≈≈≈≈≈≈≈≈≈≈≈≈.≈≈.≈;≈≈.≈≈≈≈≈..≈.≈≈
≈≈≈≈≈≈≈≈≈≈≈≈≈.≈≈≈≈≈≈≈≈.≈≈≈≈.≈≈≈≈≈
≈≈≈≈≈≈≈≈≈≈≈≈..≈≈≈≈≈≈≈≈≈.≈≈≈≈≈≈≈≈≈
≈≈≈≈≈..?P≈≈.b≈≈≈≈≈≈≈≈≈≈..≈PP≈≈PP≈
≈≈≈≈..≈P≈≈≈≈..≈≈≈≈≈≈≈≈≈≈.≈PP≈P≈≈P
≈≈≈.≈≈≈≈≈PP≈≈.≈O@<..≈≈≈≈.PP>P≈≈PP
≈≈≈...≈≈≈P≈≈≈≈≈≈≈≈≈..≈≈≈...PPP≈P≈
≈≈≈≈.≈)P≈≈≈≈≈.≈≈≈≈P≈.≈≈≈.≈P≈≈≈P≈P
..≈≈≈≈≈≈≈≈≈..≈..≈P≈≈≈..≈..≈PP≈≈..
#.###≈≈≈≈≈.≈≈############.≈.....#
.≈≈≈#≈≈≈≈≈..## #≈..≈≈≈#≈
≈##...b....#### #### #.P.≈≈≈#≈
##..#...≈≈.≈≈≈###≈≈## #.≈P≈≈≈#≈
#≈....≈≈≈≈.#.≈.≈#..≈# #.≈P≈≈≈##


You could see an ogre and a neutral slimehead (wandering) (passive).

Vanquished Creatures
  A slime creature (D:2)
  3 big kobolds (D:2)
  A bullfrog (D:2)
  A hound (D:3)
  6 jellies (D:2)
  An iguana (D:3)
  An orc wizard (D:3)
  A worker ant (D:3)
  A water moccasin skeleton (D:3)
  10 giant cockroaches
  A shadow imp (D:3)
  2 adders (D:2)
  18 sewer rats
  9 cinder newts
  4 worms (D:2)
  2 oozes
  A hound skeleton (D:3)
  2 dart slugs (D:1)
  3 leopard geckos
  3 orcs (D:3)
  2 adder skeletons (D:2)
  5 ball pythons
  A cinder newt skeleton (D:2)
  8 goblins (D:1)
  2 hobgoblins (D:1)
  7 jackals
  7 bats
  2 bat skeletons (D:2)
  20 kobolds
  A quokka skeleton (D:3)
  10 rats (D:1)
  A rat skeleton (D:2)
  5 withered plants (D:2)
142 creatures vanquished.

Vanquished Creatures (others)
  A giant blowfly (D:2)
  3 slimeheads (D:2)
  76 withered plants (D:2)
80 creatures vanquished.

Grand Total: 222 creatures vanquished

Notes
Turn   | Place    | Note
-------+----------+-------------------------------------------
     0 | D:1      | gruber the Centaur Hunter began the quest for the Orb.
     0 | D:1      | Reached XP level 1. HP: 17/17 MP: 1/1
    26 | D:1      | Reached skill level 2 in Fighting
    42 | D:1      | Reached XP level 2. HP: 22/25 MP: 2/2
    59 | D:1      | Identified the cursed ring "Wock" {rPois MR+ Str+5 Int-3
                  | Stlth+, (Curse: Fragile)}
   128 | D:1      | Reached skill level 3 in Fighting
   133 | D:1      | Reached XP level 3. HP: 31/31 MP: 3/3
   393 | D:1      | Identified a scroll of acquirement
   643 | D:1      | Reached XP level 4. HP: 40/40 MP: 4/4
   705 | D:1      | Reached skill level 4 in Fighting
  1197 | D:2      | Reached XP level 5. HP: 47/47 MP: 5/5
  1229 | D:2      | Reached skill level 5 in Fighting
  1391 | D:2      | Reached XP level 6. HP: 34/57 MP: 6/6
  1459 | D:2      | Reached skill level 6 in Fighting
  1500 | D:2      | Reached skill level 1 in Armour
  1693 | D:2      | Reached XP level 7. HP: 51/63 MP: 7/7
  2008 | D:2      | Found a faded altar of an unknown god.
  2424 | D:2      | Found a white marble altar of Elyvilon.
  2849 | D:2      | Reached skill level 5 in Armour
  2849 | D:2      | Reached XP level 8. HP: 45/70 MP: 8/8
  3510 | D:2      | Slain by an ogre

Levels and vault maps discovered:
D:1:      minmay_arrival_jagged, layout_basic, corexii_shack,
          chequers_serial_rivers_room_b, minmay_misc_feat_rows, moated_statue,
          minmay_bent, gup_sewer_entry_spiral
D:2:      layout_sewer, elyvilon_niche, chequers_ecumenical_altar_simple,
          first_ration
D:3:      layout_rooms, uniq_crazy_yiuf_cottage

Skill      XL: |  1  2  3  4  5  6  7  8 |
---------------+-------------------------+-----
Fighting       | 2 3 4 5 6 |  6.0
Armour         | 2 5 |  5.0
Dodging        | 2 |  2.7
Bows           | |  5.3
Stealth        | |  0.4

Action                   |  1- 3 |  4- 6 |  7- 9 || total
-------------------------+-------+-------+-------++-------
Melee: Short sword       |    69 |   135 |   129 ||   333
       Unarmed           |    48 |   114 |    92 ||   254
       Kick              |     7 |    30 |    36 ||    73
 Fire: Shortbow          |     4 |       |    91 ||    95
  Use: Scroll            |     1 |       |       ||     1
  Eat: Chunk             |       |     2 |     6 ||     8
Armor: Leather armour    |    35 |    86 |   105 ||   226
Dodge: Dodged            |    36 |    50 |    50 ||   136
